 Dungeon Crawl Stone Soup version 0.28.0 (webtiles) character file.

Game seed: 8980400608347774209

121230 fragbeetle the Fencer (level 16, -5/121 (134) HPs)
             Began as a Hill Orc Cinder Acolyte on Feb 7, 2022.
             Was a High Priest of Qazlal.
             Killed by the raging water
             ... invoked by a water nymph
              (27 damage)
             ... on level 2 of the Shoals.
             The game lasted 02:15:53 (45815 turns).

fragbeetle the Fencer (Hill Orc Cinder Acolyte)    Turns: 45815, Time: 02:15:54

HP:   -5/121 (134)  AC: 18    Str: 19 (23) XL:     16   Next: 84%
MP:   24/26         EV: 14    Int: 12 (14) God:    Qazlal [*****.]
Gold: 1336          SH: 13    Dex:  6 (8)  Spells: 7/23 levels left

rFire   . . .      SeeInvis .   S - +3 Maxwell's thermic engine {flame, freeze}
rCold   . . .      Faith    .   t - +3 warlock's mirror {reflect}
rNeg    . . .      Spirit   .   f - +3 acid dragon scales
rPois   .          Reflect  +   C - +0 helmet
rElec   .          Harm     .   (no cloak)
rCorr   +          Rampage  .   (no gloves)
Will    +....                   P - +2 pair of boots
Stlth   ..........              c - amulet of magic regeneration
HPRegen 0.30/turn               p - +4 ring of evasion
MPRegen 0.60/turn               r - ring of flight

@: flying, mesmerised, drained, repel missiles
A: no striking features
a: Renounce Religion, Upheaval, Elemental Force, Disaster Area


You were on level 2 of the Shoals.
You worshipped Qazlal.
Qazlal was extremely pleased with you.
You visited 6 branches of the dungeon, and saw 27 of its levels.

You collected 2307 gold pieces.
You spent 971 gold pieces at shops.

Inventory:

Hand Weapons
 S - the +3 Maxwell's thermic engine (weapon) {flame, freeze}
   (You took it off a centaur on level 8 of the Dungeon)

   It burns those it strikes, dealing additional fire damage.
   Big, fiery blades are also staple armaments of hydra-hunters.
   It freezes those it strikes, dealing additional cold damage.
   It can also slow down cold-blooded creatures.
   It becomes more effective when it hits something.
   This effect fades over time.
 Y - the +6 hunting sling "Gairaoloil" {freeze, Int+3 Dex+2}
   (You bought it in a shop on level 2 of the Orcish Mines)

   Any ammunition fired from it freezes those it strikes, dealing additional
   cold damage.
   It can also slow down cold-blooded creatures.
   Int:       It affects your intelligence (+3).
   Dex:       It affects your dexterity (+2).
Missiles
 m - 4 throwing nets
 E - 29 boomerangs (quivered)
 G - 4 curare-tipped darts
 H - 2 silver boomerangs
 Q - 5 silver javelins
Armour
 f - +3 acid dragon scales (worn)
 t - the +3 warlock's mirror (worn) {reflect}
   (You acquired it on level 1 of the Lair of Beasts)

   It can block and reflect piercing ranged attacks and magical attacks against
   the wielder's willpower.
 C - a +0 helmet (worn)
 P - a +2 pair of boots (worn)
Jewellery
 a - a ring of resist corrosion
 c - an amulet of magic regeneration (around neck)
 n - a ring of poison resistance
 p - a +4 ring of evasion (left hand)
 r - a ring of flight (right hand)
 w - a ring of fire
 y - a ring of protection from cold
 B - a ring of willpower
 O - a ring of magical power
 Z - a ring of positive energy
Wands
 b - a wand of mindburst (12)
 q - a wand of iceblast (16)
 z - a wand of acid (19)
 A - a wand of digging (2)
 J - a wand of paralysis (21)
 R - a wand of polymorph (12)
 T - a wand of flame (21)
Scrolls
 j - a scroll of enchant weapon
 k - a scroll of identify
 l - a scroll of fog
 s - 4 scrolls of teleportation
 x - 2 scrolls of fear
 I - 2 scrolls of magic mapping
 N - a scroll of blinking
 W - 2 scrolls of silence
Potions
 d - a potion of curing
 e - 4 potions of brilliance
 g - 2 potions of resistance
 o - 3 potions of ambrosia
 u - a potion of haste
 v - 4 potions of magic
 D - 5 potions of flight
 F - a potion of mutation
 K - 4 potions of might
 L - a potion of cancellation
 V - 2 potions of berserk rage
Miscellaneous
 i - a phial of floods


   Skills:
 - Level 10.0 Fighting
 - Level 16.0 Long Blades
 - Level 6.1(9.0) Axes
 - Level 8.6(9.2) Maces & Flails
 - Level 14.0 Armour
 - Level 5.0 Shields
 - Level 4.0 Spellcasting
 - Level 10.0 Conjurations
 - Level 10.5 Fire Magic
 - Level 8.0 Poison Magic
 + Level 13.5 Invocations


You had 7 spell levels left.
You knew the following spells:

 Your Spells              Type           Power      Damage    Failure   Level
a - Scorch                Fire           54%        2d8       1%          2
b - Mephitic Cloud        Conj/Pois/Air  16%        N/A       9%          3
c - Conjure Flame         Conj/Fire      27%        6-21      1%          3
d - Flame Wave            Conj/Fire      27%        2d7       4%          4
e - Olgreb's Toxic Radia  Pois           21%        N/A       13%         4

Your spell library contained the following spells:

 Spells                   Type           Power      Damage    Failure   Level
 Foxfire                  Conj/Fire      100%       2x1d9     1%          1
 Magic Dart               Conj           100%       1d8       1%          1
 Shock                    Conj/Air       56%        1d6       4%          1
 Sting                    Tmut/Pois      48%        1d5       7%          1
 Poisonous Vapours        Pois/Air       24%        N/A       10%         2
 Inner Flame              Hex/Fire       15%        N/A       12%         3
 Stone Arrow              Conj/Erth      28%        3d8       13%         3
 Animate Skeleton         Necr           4%         N/A       34%         1
 Apportation              Tloc           4%         N/A       34%         1
 Sandblast                Erth           4%         2d4       34%         1
 Summon Small Mammal      Summ           8%         N/A       34%         1
 Call Imp                 Summ           2%         N/A       45%         2
 Corpse Rot               Necr/Air       4%         N/A       45%         2
 Passwall                 Tmut/Erth      1%         N/A       45%         2
 Sublimation of Blood     Necr           2%         N/A       45%         2
 Swiftness                Air            2%         N/A       71%         3
 Tukima's Dance           Hex            2%         N/A       71%         3
 Irradiate                Conj/Tmut      7%         3d16      77%         5
 Alistair's Intoxication  Tmut/Pois      8%         N/A       88%         5
 Airstrike                Air            1%         N/A       98%         4
 Anguish                  Hex/Necr       1%         N/A       98%         4
 Animate Armour           Summ/Erth      4%         N/A       98%         4
 Cause Fear               Hex            1%         N/A       98%         4
 Dispel Undead            Necr           2%         3d7       98%         4
 Petrify                  Tmut/Erth      2%         N/A       98%         4
 Blade Hands              Tmut           1%         N/A       100%        5
 Death Channel            Necr           1%         N/A       100%        6
 Iron Shot                Conj/Erth      7%         9d2       100%        6
 Dragon Form              Tmut           1%         N/A       100%        7
 Enfeeble                 Hex            1%         N/A       100%        7
 Discord                  Hex            1%         N/A       100%        8
 Lehudib's Crystal Spear  Conj/Erth      7%         10d3      100%        8


Dungeon Overview and Level Annotations

Branches:
Dungeon (15/15)            Temple (1/1) D:6            Lair (6/6) D:9
 Shoals (2/4) Lair:3       Spider (1/4) Lair:4        Slime (0/5) Lair:6
    Orc (2/2) D:11            Elf (0/3) Orc:2        Vaults (0/5) D:13
 Depths (0/4) D:15

Altars:
Ashenzari
Cheibriados
Dithmenos
Elyvilon
Fedhas
Gozag
Hepliaklqana
Kikubaaqudgha
Makhleb
Nemelex Xobeh
Okawaru
Qazlal
Ru
Sif Muna
Trog
Uskayaw
Vehumet
Wu Jian
Xom
Yredelemnul
Zin
The Shining One
Beogh
Lugonu

Shops:
D:4 ?   D:10 *   Orc:2 (([[   Shoals:1 [

Portals:
Abyss: Lair:6
Trove: D:13 (give +3 gold dragon scales)

Annotations:
D:11 3 runed translucent doors, Duder's ghost, journeyman MiBe
D:12 2 runed translucent doors, exclusion: orange crystal statue
D:14 Roxanne
Lair:1 exclusion: ice statue
Lair:3 2 transporters, GrayStillPlays's ghost, journeyman VSFi
Lair:5 exclusion: downstairs
Shoals:2 2 transporters


Message History

The merfolk avatar chants its luring song.
You block the merfolk aquamancer's attack.
The water elemental hits you.
You closely miss the merfolk aquamancer.
The merfolk aquamancer is heavily wounded.
Your lungs strain for air!
You block the water elemental's attack. The water nymph casts a spell at you.
The water rises up and strikes you!!
The water elemental is struck by lightning.
The water elemental hits you!
The merfolk avatar chants its luring song.
Okay, then.
You cannot read scrolls while unable to breathe!
Unknown command.
You slip free of the water engulfing you.
You gasp with relief as air once again reaches your lungs.
You block the water nymph's attack.
The water elemental is struck by lightning. x2
You block the water elemental's attack.
The merfolk avatar chants its luring song.
The merfolk aquamancer closely misses you.
The water elemental is struck by lightning.
The merfolk aquamancer gestures wildly while chanting.
The merfolk aquamancer blinks!
You block the water nymph's attack. The water elemental hits you!
* * * LOW HITPOINT WARNING * * *
The water elemental engulfs you in water!
The merfolk avatar chants its luring song.
The water elemental is struck by lightning.
You slash the merfolk avatar! You burn the merfolk avatar.
You freeze the merfolk avatar.
The merfolk avatar is lightly wounded.
* * * LOW HITPOINT WARNING * * *
Your lungs strain for air!
The water elemental closely misses you.
You gasp with relief as air once again reaches your lungs.
The water nymph gestures at you while chanting.
The water rises up and strikes you!!
You die...

#≈.......PPPPPP≈
#©......P≈P≈≈≈≈≈≈≈≈≈≈
#≈......P≈≈≈≈≈≈≈≈≈≈≈≈
#≈....§..≈m≈P≈≈≈≈≈≈≈≈
#≈≈......≈≈≈≈≈≈≈≈≈≈≈≈
#≈≈≈≈...≈..≈≈≈≈≈≈≈≈≈≈
#≈≈≈...°≈≈≈≈≈≈≈≈
.....≈..###.≈≈≈≈≈≈
≈≈≈≈≈.### .≈≈≈≈≈≈
≈≈≈≈≈.# .≈≈≈≈≈≈
≈≈≈≈≈. .≈≈≈≈≈≈ ≈≈≈≈≈≈
≈≈≈≈≈


You could see a merfolk avatar (mesmerising), 2 merfolk aquamancers, 3 water
elementals and a water nymph.

Vanquished Creatures
  Rupert (Lair:6)
  Jorgrun (D:14)
  An orc warlord (Orc:2)
  A fire giant (D:15)
  2 ghost moths (Spider:1)
  A merfolk javelineer (Shoals:1)
  A merfolk impaler (Shoals:1)
  6 hydras
  An ice dragon (Lair:1)
  A vault guard (D:13)
  An ogre mage (D:15)
  4 boulder beetles
  5 centaur warriors
  A catoblepas (Lair:6)
  Erica (D:10)
  15 two-headed ogres
  2 tengu warriors
  8 death yaks
  4 orc high priests (Orc:2)
  2 thrashing horrors (Lair:6)
  3 skeletal warriors (D:15)
  Sonja (Lair:4)
  A fire crab (shapeshifter) (D:13)
  A pharaoh ant (Spider:1)
  A sea snake (Shoals:1)
  A steelbarb worm (Spider:1)
  A harpy (shapeshifter) (D:13)
  3 deep elf pyromancers
  5 orc knights
  4 cyclopes
  A wolf spider (Spider:1)
  7 orc sorcerers
  10 manticores
  10 ugly things
  A large abomination (Lair:6)
  A moth of wrath (Spider:1)
  12 elephants
  3 merfolk sirens
  A torpor snail (Spider:1)
  5 black mambas
  10 cane toads
  A water nymph (Shoals:1)
  An unseen horror (shapeshifter) (D:15)
  A demonic crawler (Spider:1)
  6 rime drakes
  9 komodo dragons
  4 kobold demonologists (D:10)
  A freezing wraith (D:14)
  5 yaktaurs (D:15)
  A tengu conjurer (D:15)
  2 ice devils (Lair:1)
  2 ancient zymes (Lair:6)
  6 merfolk
  2 wind drakes (Shoals:1)
  2 meliai
  A tarantella (Spider:1)
  11 trolls
  30 blink frogs
  11 dream sheep
  5 polar bears
  3 slime creatures (D:15)
  3 snapping turtles (Shoals:1)
  A jumping spider (shapeshifter) (D:13)
  2 culicivoras (Spider:1)
  A dire elephant simulacrum (Lair:1)
  Sigmund (D:5)
  3 jumping spiders (Spider:1)
  2 shadows
  2 wraiths
  A ynoxinul (Lair:6)
  2 hogs (D:8)
  41 yaks
  3 water elementals
  7 wyverns
  A human (shapeshifter) (D:14)
  A fire bat (shapeshifter) (D:9)
  15 fire elementals (Orc:2)
  8 basilisks
  4 chaos spawn (Lair:6)
  3 vampire mosquitoes (D:11)
  7 wargs
  3 redbacks
  2 acid dragons
  10 water moccasins
  Duvessa (D:5)
  16 black bears
  3 ice beasts
  2 sky beasts (D:6)
  A hornet zombie (D:6)
  45 orc warriors
  12 ogres
  3 boggarts (D:14)
  21 centaurs
  3 wolves
  3 phantoms
  13 bullfrogs
  4 gnoll sergeants (D:8)
  3 kobold brigands
  9 small abominations (Lair:6)
  A wyvern skeleton (D:7)
  A water moccasin zombie (D:6)
  Dowan (D:5)
  15 killer bees
  5 wights
  13 electric eels
  2 bullfrog zombies
  A howler monkey (D:11)
  2 centaur zombies (D:6)
  2 centaur skeletons (D:6)
  4 hounds
  43 orc priests
  2 gnoll shamans (D:6)
  Ijyb (D:3)
  3 hell rats (Lair:6)
  4 iguanas
  22 orc wizards
  A troll simulacrum (Lair:1)
  A killer bee zombie (D:7)
  A hound skeleton (D:5)
  16 gnolls
  6 adders
  3 river rats (Lair:6)
  13 white imps
  An adder skeleton (D:5)
  2 dart slugs (D:3)
  127 orcs
  6 ball pythons
  9 endoplasms
  9 hobgoblins
  3 jackals (D:3)
  3 quokkas
  3 training dummies (D:6)
  6 bats
  7 goblins
  7 kobolds
  12 rats
865 creatures vanquished.

Vanquished Creatures (others)
  A blink frog (Lair:6)
  2 orc priests (Orc:2)
  8 bushes (D:10)
  73 fungi
  171 plants
255 creatures vanquished.

Grand Total: 1120 creatures vanquished

Notes
Turn   | Place    | Note
-------+----------+-------------------------------------------
     0 | D:1      | fragbeetle the Hill Orc Cinder Acolyte began the quest for
                  | the Orb.
     0 | D:1      | Reached XP level 1. HP: 19/19 MP: 2/2
   184 | D:1      | Reached XP level 2. HP: 23/26 MP: 3/3
   187 | D:1      | Learned a level 2 spell: Scorch
   957 | D:2      | Found a faded altar of an unknown god.
  1200 | D:2      | Reached XP level 3. HP: 19/31 MP: 4/4
  1207 | D:2      | Reached skill level 5 in Axes
  1524 | D:2      | Reached XP level 4. HP: 39/39 MP: 1/5
  2333 | D:3      | Learned a level 3 spell: Mephitic Cloud
  2513 | D:3      | Found a white marble altar of Elyvilon.
  2621 | D:3      | Noticed Ijyb
  2968 | D:3      | Killed Ijyb
  2969 | D:3      | Reached skill level 5 in Fire Magic
  2969 | D:3      | Reached XP level 5. HP: 11/45 MP: 6/6
  3368 | D:4      | Found Ducus's Magic Scroll Boutique.
  3374 | D:4      | Bought a scroll of identify for 24 gold pieces
  3374 | D:4      | Bought a scroll of noise for 12 gold pieces
  3374 | D:4      | Bought a scroll of teleportation for 36 gold pieces
  3858 | D:4      | Noticed a phantom
  3868 | D:4      | Killed a phantom
  3869 | D:4      | Reached skill level 1 in Maces & Flails
  3869 | D:4      | Reached skill level 1 in Conjurations
  3869 | D:4      | Reached skill level 1 in Poison Magic
  3869 | D:4      | Reached XP level 6. HP: 38/51 MP: 1/7
  4393 | D:4      | Noticed a black bear
  4399 | D:4      | Killed a black bear
  4400 | D:4      | Reached XP level 7. HP: 57/57 MP: 2/8
  4600 | D:5      | Entered Level 5 of the Dungeon
  4656 | D:5      | Noticed Duvessa
  4668 | D:5      | Killed Duvessa
  4674 | D:5      | Noticed Dowan
  4900 | D:5      | Killed Dowan
  5014 | D:5      | Noticed Sigmund
  5182 | D:5      | Reached XP level 8. HP: 35/64 MP: 5/9
  5341 | D:5      | Killed Sigmund
  5373 | D:5      | Reached skill level 5 in Conjurations
  5822 | D:5      | Reached skill level 5 in Poison Magic
  5905 | D:5      | Found a shimmering blue altar of Sif Muna.
  6275 | D:6      | Reached XP level 9. HP: 34/70 MP: 10/10
  6634 | D:6      | Learned a level 3 spell: Conjure Flame
  6658 | D:6      | Reached skill level 5 in Maces & Flails
  7071 | D:6      | Found a staircase to the Ecumenical Temple.
  7076 | Temple   | Entered the Ecumenical Temple
  7545 | D:6      | Found Kecaa's Firing Range.
  9003 | D:7      | Found a glowing silver altar of Zin.
  9020 | D:7      | Learned a level 4 spell: Flame Wave
  9039 | D:7      | Noticed a troll
  9044 | D:7      | Killed a troll
  9045 | D:7      | Reached XP level 10. HP: 75/77 MP: 6/15
  9075 | D:7      | Found a hide-covered altar of Uskayaw.
 10415 | D:8      | Got the Guide on Unstable Earth
 10493 | D:8      | Identified the +1 ring mail "Cenuff" {rElec Int+4 Dex-5}
 10956 | D:8      | Noticed a two-headed ogre
 10964 | D:8      | Killed a two-headed ogre
 11161 | D:8      | Reached XP level 11. HP: 71/82 MP: 1/17
 11366 | D:8      | Found a broken altar of Ashenzari.
 11818 | D:8      | Noticed a manticore
 11845 | D:8      | Killed a manticore
 12670 | D:8      | Reached skill level 10 in Fire Magic
 12943 | D:8      | Reached skill level 1 in Armour
 13065 | D:8      | Reached skill level 1 in Long Blades
 13165 | D:9      | Reached skill level 2 in Long Blades
 13532 | D:9      | Noticed a two-headed ogre
 13532 | D:9      | Noticed a two-headed ogre
 13544 | D:9      | Killed a two-headed ogre
 13545 | D:9      | Reached skill level 4 in Long Blades
 13617 | D:9      | Killed a two-headed ogre
 13618 | D:9      | Reached skill level 5 in Long Blades
 14121 | D:9      | Found a shadowy altar of Dithmenos.
 14246 | D:9      | Found a staircase to the Lair.
 14269 | D:9      | Reached skill level 6 in Long Blades
 14471 | D:10     | Entered Level 10 of the Dungeon
 14505 | D:10     | Reached skill level 7 in Long Blades
 14693 | D:10     | Noticed a white ugly thing
 14694 | D:10     | Noticed a manticore
 14704 | D:10     | Killed a manticore
 14852 | D:10     | Killed a white ugly thing
 14888 | D:10     | Noticed Erica
 14904 | D:10     | Reached skill level 8 in Long Blades
 14936 | D:10     | Killed Erica
 14937 | D:10     | Reached XP level 12. HP: 51/90 MP: 4/18
 15210 | D:10     | Lost dexterity.
 15588 | D:10     | Noticed a sun demon
 15589 | D:10     | Reached skill level 9 in Long Blades
 15662 | D:10     | Found a bloodstained altar of Trog.
 15825 | D:10     | Found Luzir's Changing Room.
 15850 | D:10     | Bought a book of Alchemy for 280 gold pieces
 16220 | D:11     | Found a shadowy altar of Dithmenos.
 16267 | D:11     | Reached skill level 10 in Long Blades
 16793 | D:11     | Reached skill level 11 in Long Blades
 16908 | D:11     | Noticed a four-headed hydra
 17418 | Lair:1   | Entered Level 1 of the Lair of Beasts
 17911 | Lair:1   | Noticed a death yak
 18458 | Lair:1   | Noticed an ice dragon
 18471 | Lair:1   | Killed an ice dragon
 18544 | Lair:1   | Noticed a death yak
 18559 | Lair:1   | Killed a death yak
 18560 | Lair:1   | Reached skill level 5 in Armour
 18560 | Lair:1   | Reached skill level 10 in Conjurations
 18801 | Lair:1   | Killed a death yak
 18802 | Lair:1   | Reached XP level 13. HP: 95/95 MP: 15/19
 19084 | Lair:2   | Reached skill level 12 in Long Blades
 20242 | Lair:3   | Found a transporter.
 20245 | Lair:3   | Found a transporter.
 20245 | Lair:3   | Noticed GrayStillPlays's ghost (journeyman VSFi)
 20436 | Lair:3   | Reached skill level 13 in Long Blades
 21106 | Lair:3   | Found a staircase to the Shoals.
 21939 | Lair:3   | Reached skill level 14 in Long Blades
 22151 | Lair:4   | Noticed Sonja
 22250 | Lair:4   | Killed Sonja
 22661 | Lair:4   | Reached skill level 15 in Long Blades
 23158 | D:4      | Bought a scroll of blinking for 90 gold pieces
 23158 | D:4      | Bought a scroll of magic mapping for 42 gold pieces
 23158 | D:4      | Bought a scroll of identify for 24 gold pieces
 23158 | D:4      | Bought a scroll of identify for 24 gold pieces
 23158 | D:4      | Bought a scroll of identify for 24 gold pieces
 23158 | D:4      | Bought a scroll of identify for 24 gold pieces
 23363 | Lair:4   | Found a hole to the Spider Nest.
 24934 | Lair:5   | Reached skill level 16 in Long Blades
 24995 | Lair:5   | Reached XP level 14. HP: 102/102 MP: 16/20
 25021 | Lair:5   | You fall into a shaft and drop 1 floor!
 25021 | Lair:6   | Entered Level 6 of the Lair of Beasts
 25044 | Lair:6   | Found a staircase to the Slime Pits.
 26326 | Lair:5   | Reached skill level 10 in Armour
 26443 | Lair:5   | Reached skill level 5 in Fighting
 26746 | Lair:6   | Noticed Rupert
 27007 | Lair:6   | Killed Rupert
 27510 | Lair:6   | Learned a level 4 spell: Olgreb's Toxic Radiance
 28826 | Lair:6   | Reached skill level 10 in Fighting
 29224 | Lair:6   | Found a corrupted altar of Lugonu.
 29224 | Lair:6   | Found a one-way gate to the infinite horrors of the Abyss.
 29238 | Lair:6   | Identified a scroll of acquirement
 29372 | Lair:1   | Acquired the +3 warlock's mirror {reflect}
 29372 | Lair:1   | Found the +3 warlock's mirror {reflect}
 29496 | D:11     | Found a runed translucent gate.
 29496 | D:11     | Noticed Duder's ghost (journeyman MiBe)
 29497 | D:11     | Found a runed translucent gate.
 29500 | D:11     | Found a runed translucent gate.
 29585 | D:11     | Reached skill level 1 in Shields
 29659 | D:11     | Found a staircase to the Orcish Mines.
 29674 | D:11     | Found a roughly hewn altar of Beogh.
 29983 | D:12     | Found the +10 tower shield of Ignorance {rN+ Int-4}
 29990 | D:12     | Found a runed translucent door.
 30009 | D:12     | Reached XP level 15. HP: 121/126 MP: 17/21
 30068 | D:12     | Found a runed translucent door.
 30988 | Orc:1    | Entered Level 1 of the Orcish Mines
 31020 | Orc:1    | Reached skill level 5 in Shields
 31586 | Orc:2    | Entered Level 2 of the Orcish Mines
 31904 | Temple   | Fell from the grace of Ignis
 31904 | Temple   | Became a worshipper of Qazlal Stormbringer
 32504 | Orc:2    | Reached * piety under Qazlal
 32737 | Orc:2    | Found Hofuecump's Armour Shop.
 32805 | Orc:2    | Found Ycesok's Armour Boutique.
 32858 | Orc:2    | Found a roughly hewn altar of Beogh.
 34185 | Orc:2    | Reached ** piety under Qazlal
 34197 | Orc:2    | Found a staircase to the Elven Halls.
 34796 | Orc:2    | Noticed an orc warlord
 34872 | Orc:2    | Killed an orc warlord
 35191 | Orc:2    | Found Huziyv's Antique Weapon Shoppe.
 35254 | Orc:2    | Reached *** piety under Qazlal
 35521 | Orc:2    | Found Haafie Xuul's Antique Weapon Boutique.
 35629 | Orc:2    | Bought a glimmering hunting sling for 195 gold pieces
 35629 | Orc:2    | Identified the +6 hunting sling "Gairaoloil" {freeze, Int+3
                  | Dex+2} (You bought it in a shop on level 2 of the Orcish
                  | Mines)
 35640 | Orc:2    | Found a roughly hewn altar of Beogh.
 35684 | Orc:2    | Reached skill level 5 in Invocations
 36458 | D:13     | You fall into a shaft and drop 1 floor!
 36458 | D:14     | Was forgiven by Ignis
 36461 | D:14     | Noticed Jorgrun
 36590 | D:14     | Killed Jorgrun
 37231 | D:13     | Found a portal to a secret trove of treasure.
 37518 | D:13     | Reached skill level 10 in Invocations
 37522 | D:13     | Reached XP level 16. HP: 71/134 MP: 21/23
 37727 | D:13     | Found a gate to the Vaults.
 38259 | D:14     | Noticed Roxanne
 38307 | D:14     | Reached **** piety under Qazlal
 39070 | D:15     | Entered Level 15 of the Dungeon
 40310 | D:15     | Found a staircase to the Depths.
 41744 | Spider:1 | Entered Level 1 of the Spider Nest
 43581 | Shoals:1 | Entered Level 1 of the Shoals
 44050 | Shoals:1 | Reached ***** piety under Qazlal
 44300 | Shoals:1 | Found Cixioh's Antique Armour Shop.
 44323 | Shoals:1 | Bought a runed hat for 196 gold pieces
 45092 | Shoals:2 | Found a transporter.
 45092 | Shoals:2 | Found a transporter.
 45815 | Shoals:2 | Killed from afar by a water nymph

Illustrated notes

Levels and vault maps discovered:
D:1:      minmay_arrival_doors, layout_rooms
D:2:      layout_basic, shapermc_ecumenical_altar_starsandcircs,
          chequers_mini_garden, minmay_tiny_reverse_x
D:3:      layout_basic, nicolae_elyvilon_temple_path,
          kennysheep_decorative_pillar, uniq_ijyb
D:4:      layout_basic, serial_shops, nicolae_shop_advertising_works
          [nicolae_subvault_shop_adworks]
D:5:      layout_basic, mainiacjoe_overflow_surrounded_room, uniq_sigmund,
          uniq_duvessa
D:6:      layout_basic, minmay_temple_entry_gardened_gates,
          hangedman_decor_riveting, nicolae_shop_firing_range
D:7:      layout_cave_pools, mainiacjoe_overflow_two_lobes
D:8:      kennysheep_town
D:9:      layout_loops_cross, mainiacjoe_overflow_alcove_1, david_lair_shrubbed
D:10:     layout_loops_ring, old_standard_altar, minmay_hedge_maze,
          nicolae_transmutations_shop, minmay_statues_item, uniq_erica
D:11:     layout_big_octagon, minmay_orc_entry_temple_small,
          gammafunk_ghost_hydra_chop, portal_ice_cave_entry_imps,
          grunt_dithmenos_smoke_and_mirrors
D:12:     layout_stronghold, chequers_guarded_unrand_ignorance
D:13:     layout_roguey, david_vaults_5, enter_trove_2
D:14:     layout_basic, serial_rivers, chequers_serial_rivers_micro_c,
          chequers_serial_rivers_marsh, chequers_serial_rivers_small_b,
          chequers_serial_rivers_micro_d, uniq_roxanne, uniq_jorgrun
D:15:     grunt_enter_depths_giant_problem, layout_layer_cave, special_room
          [special_room_orc], nicolae_sextant, nooodl_orcs_dogs
Temple:   eino_temple_rhombus
Lair:1:   dreamdust_isle_of_ice, layout_chaotic_city, serial_bayou_pond_a
Lair:2:   layout_regular_city, infiniplex_staircase_pool
Lair:3:   layout_hall_layers, elwin_shoals_entry_rooms, gammafunk_ghost_arena,
          lemuel_fruit_fields
Lair:4:   layout_regular_city, hellmonk_spider_entry_not_the_bees,
          wad_woods_river_01, uniq_sonja
Lair:5:   layout_concentric_octagons, serial_bayou_shore_a
Lair:6:   hellmonk_lair_end_abyssal_woods, layout_regular_city, slime_dummy,
          kennysheep_abandoned_house, serial_bayou_shore_b, uniq_rupert
Shoals:1: layout_shoals, serial_shops, nicolae_shop_crystal
Shoals:2: cheibrodos_shoals_three_sisters, layout_shoals,
          ebering_ghost_davey_jones
Spider:1: layout_cave_pods
Orc:1:    layout_diamond_mine
Orc:2:    pubby_orc_utopia

Skill      XL: |  1  2  3  4  5  6  7  8  9 10 11 12 13 14 15 16 |
---------------+-------------------------------------------------+-----
Fire Magic     | 4 5 6 8 10 | 10.5
Axes           | 5 6 |  6.1
Maces & Flails | 1 2 3 4 6 8 |  8.6
Conjurations   | 1 3 4 6 7 9 10 | 10.0
Poison Magic   | 1 2 3 5 6 8 |  8.0
Spellcasting   | 3 4 |  4.0
Armour         | 1 6 10 11 14 | 14.0
Long Blades    | 8 11 16 | 16.0
Fighting       | 10 | 10.0
Shields        | 2 5 |  5.0
Invocations    | 10 13 | 13.5

Action                   |  1- 3 |  4- 6 |  7- 9 | 10-12 | 13-15 | 16-18 || total
-------------------------+-------+-------+-------+-------+-------+-------++-------
Melee: Dagger            |    54 |       |       |       |       |       ||    54
       Hand axe          |     2 |       |       |       |       |       ||     2
       Mace              |       |    49 |   103 |    67 |       |       ||   219
       Punch             |       |       |       |     1 |    10 |       ||    11
       Double sword      |       |       |       |   123 |  1124 |   342 ||  1589
Throw: Dart              |       |       |       |    14 |     1 |       ||    15
       Boomerang         |       |       |       |       |       |     7 ||     7
 Cast: Scorch            |     7 |    60 |   164 |   303 |   189 |    45 ||   768
       Mephitic Cloud    |       |       |     3 |    26 |    47 |     6 ||    82
       Conjure Flame     |       |       |     7 |    32 |    26 |     4 ||    69
       Flame Wave        |       |       |       |    20 |    18 |     8 ||    46
       Olgreb's Toxic Ra |       |       |       |       |     2 |     2 ||     4
Invok: Fiery Armour      |       |       |       |     1 |     1 |       ||     2
       Upheaval          |       |       |       |       |     1 |     1 ||     2
Evoke: Wand              |       |       |       |     3 |     9 |     4 ||    16
  Use: Potion            |       |     2 |       |     1 |     5 |     3 ||    11
       Scroll            |       |     2 |       |    16 |    16 |     5 ||    39
 Stab: Confused          |       |       |     2 |     2 |    19 |       ||    23
       Paralysed         |       |       |       |     1 |       |       ||     1
       Petrifying        |       |       |       |       |     1 |       ||     1
       Petrified         |       |       |       |       |     1 |       ||     1
Armor: Robe              |    10 |       |       |    21 |       |       ||    31
       Leather armour    |       |    11 |    19 |     9 |       |       ||    39
       Ring mail         |       |       |       |    44 |       |       ||    44
       Acid dragon scale |       |       |       |    14 |   286 |   136 ||   436
Dodge: Dodged            |    30 |    62 |   147 |   303 |   515 |   176 ||  1233
       Repelled          |       |       |       |       |       |     6 ||     6
Block: Buckler           |       |       |       |       |   186 |   242 ||   428
       Reflection        |       |       |       |       |    14 |    17 ||    31
